 Dungeon Crawl Stone Soup version 0.30-a0-870-gc5d4c5acee (webtiles) character file.

Game seed: 8204774378790135222

23 BlueFish the Sneak (level 2, -1/19 HPs)
             Began as a Vampire Enchanter on Mar 11, 2023.
             Slain by a goblin
             ... wielding a +0 dagger
             ... led by Robin
              (5 damage)
             ... on level 2 of the Dungeon.
             The game lasted 00:02:24 (643 turns).

BlueFish the Sneak (Vampire Enchanter)               Turns: 643, Time: 00:02:25

Health: -1/19      AC:  2    Str:  7    XL:     2   Next: 75%
Magic:  5/5        EV: 12    Int: 17    God:
Gold:   75         SH:  0    Dex: 14    Spells: 3/5 levels left

rFire   . . .      SeeInvis +    a - +1 dagger
rCold   . . .      Faith    .    (no shield)
rNeg    . . .      Spirit   .    b - +0 robe
rPois   .          Reflect  .    (no helmet)
rElec   .          Rampage  .    (no cloak)
rCorr   .                        (no gloves)
Will    .....                    (no boots)
Stlth   +++                      (no amulet)
HPRegen 0.43/turn                (no ring)
MPRegen 0.09/turn                (no ring)

@: healing quickly
A: alive, fangs 3, see invisible, vampiric 1
a: Exsanguinate


You were on level 2 of the Dungeon.
You visited 1 branch of the dungeon, and saw 2 of its levels.

You collected 75 gold pieces.

Inventory:

Hand Weapons
 a - a +1 dagger (weapon)
Missiles
 d - 10 poisoned darts (quivered)
Armour
 b - a +0 robe (worn)
Scrolls
 g - a scroll of blinking {unknown}
 i - a scroll of identify {unknown}
 j - a scroll of magic mapping {unknown}
Potions
 c - 2 potions of invisibility
 e - a potion of magic {unknown}
 f - 2 potions of curing {unknown}
 h - 2 potions of heal wounds {unknown}


   Skills:
 + Level 1.6 Short Blades
 + Level 2.5 Dodging
 + Level 4.8 Stealth
 + Level 2.2 Spellcasting
 + Level 4.7 Hexes


You had 3 spell levels left.
You knew the following spells:

 Your Spells              Type           Power      Damage    Failure   Level
a - Ensorcelled Hibernat  Hex/Ice        20%        N/A       11%         2

Your spell library contained the following spells:

 Spells                   Type           Power      Damage    Failure   Level
 Confusing Touch          Hex            18%        N/A       8%          3
 Tukima's Dance           Hex            18%        N/A       8%          3
 Dazzling Flash           Conj/Hex       20%        N/A       22%         3
 Frozen Ramparts          Ice            2%         1d1       50%         3
 Ice Form                 Ice/Tmut       1%         N/A       88%         4
 Summon Ice Beast         Ice/Summ       1%         N/A       88%         4


Dungeon Overview and Level Annotations

Branches:
Dungeon (2/15)

Altars:

Shops:
D:1 (!

Annotations:
D:2 Robin


Innate Abilities, Weirdness & Mutations

Your natural rate of healing is accelerated.
You have razor-sharp teeth.
You have supernaturally acute eyesight. (SInv)
You are afflicted with vampirism.


Message History

The goblin moves out of view.
The hobgoblin shouts!
The goblin shouts! x2; The hobgoblin shouts!
The goblin shouts!
The hobgoblin shouts!
Robin closely misses you.
The adder hisses angrily.
You hear a shout!
An adder comes into view.
The goblin attacks as you move away! The goblin misses you.
Robin roars a battlecry!
The goblins go into a battle-frenzy!
Robin laughs in a distinctly smug fashion.
Robin throws the goblin at you!
You hit the goblin.
You kill the goblin!
A kobold comes into view. It is wielding a +0 short sword.
The goblin hits you with a +0 club.
You closely miss the goblin. The adder closely misses you.
You hit the goblin. You bite the goblin.
You kill the goblin!
The adder closely misses you.
Robin says, "My goblins will feast on your bones."
The goblin attacks as you move away! The goblin hits you with a +0 dagger.
The adder bites you but does no damage. The adder attacks as you move away!
The adder bites you. Robin throws the goblin at you!
The goblin hits you with a +0 dagger. Robin throws the goblin at you!
The goblin hits you with a +0 dagger. The goblin hits you but does no damage.
The adder bites you.
* * * LOW HITPOINT WARNING * * *
The adder attacks as you move away! The adder misses you.
An endoplasm comes into view.
The hobgoblin no longer looks unusually strong.
Robin roars a battlecry!
The goblins go into a battle-frenzy!
The goblin no longer looks unusually strong. x2
You hit the goblin.
The goblin is heavily wounded.
The goblin hits you with a +0 dagger.
* * * LOW HITPOINT WARNING * * *
The goblin hits you with a +0 dagger.
You die...

..#.#........ .#.......#.#...
...#...#.....#+#
..#....#....#....#
.#.....#...#.......#
...#.#.....).#.#...##########
#.......#.#.................#
..#...#.....#...#.........#<#
....#....#....#g@.........#.#
..#...#.....#.Sg#.........#.#
#.......#.#g...S...########.#
.gK#.#....Kgg#†#...# #<#
.#.....#..g#.g.....# ###
...g#J...#.g..#....#
.#..g..#g.g#.......#
...#.#g......#.....#
.......)...........#


You could see Robin, 2 adders, a hobgoblin, 5 goblins and a kobold.

Vanquished Creatures
  An adder (D:2)
  An endoplasm (D:1)
  5 goblins
  A hobgoblin (D:2)
  2 quokkas (D:1)
  2 frilled lizards (D:1)
  A kobold (D:1)
  A rat (D:1)
14 creatures vanquished.

Notes
Turn   | Place    | Note
-------+----------+-------------------------------------------
     0 | D:1      | BlueFish the Vampire Enchanter began the quest for the Orb.
     0 | D:1      | Reached XP level 1. HP: 13/13 MP: 3/3
   146 | D:1      | Found Zasyseol's Weapon Shoppe.
   222 | D:1      | Found Vatonn's Distillery.
   386 | D:1      | Reached XP level 2. HP: 19/19 MP: 5/5
   603 | D:2      | Learned a level 2 spell: Ensorcelled Hibernation
   618 | D:2      | Noticed Robin
   643 | D:2      | Slain by a goblin

Illustrated notes

Levels and vault maps discovered:
D:1:      dpeg_arrival_rhombi, layout_rooms, serial_shops,
          nicolae_shop_bloodbath_and_beyond, shop_statue
D:2:      layout_basic, chequers_ecumenical_altar_simple_redux,
          corexii_item_surrounded_by_moat, grunt_ministairs_10,
          nicolae_kite_square_tiling_tiny, uniq_robin

Action                     || total
---------------------------++-------
  Melee: Dagger            ||    41
         Bite              ||     5
Ability: Exsanguinate      ||     1
   Stab: Sleeping          ||     1
 Armour: Robe              ||    12
  Dodge: Dodged            ||    21

Table legend: (Time is in decaauts)
 A = Elapsed time spent in this place.
 B = Non-inter-level travel time spent in this place.
 C = Inter-level travel time spent in this place.
 D = Time resting spent in this place.
 E = Time spent auto-exploring this place.
 F = Levels seen in this place.
 G = Mean time per level.
                   A        B        C        D        E       F      G
               +--------+--------+--------+--------+--------+-----+--------+
         Total |    640 |    588 |     52 |      0 |    325 |   2 |  320.0 |
       Dungeon |    640 |    588 |     52 |      0 |    325 |   2 |  320.0 |
               +--------+--------+--------+--------+--------+-----+--------+

Top non-repeatable levels by time:
     D:1: 552 daAuts
     D:2: 88 daAuts
